 Dungeon Sprint DCSS version 0.21.2 (webtiles) character file.

3500000 Fang the Axe Maniac (level 23, -25/219 HPs)
             Began as a Demonspawn Gladiator on Oct 16, 2018.
             Was the Champion of Makhleb.
             Annihilated by a meat berserker
             ... wielding a +9 battleaxe
              (50 damage)
             ... in the Dungeon (Sprint VIII: "Arena of Blood").
             The game lasted 00:00:54 (35 turns).

Fang the Axe Maniac (Demonspawn Gladiator)            Turns: 35, Time: 00:00:54

Health: -25/219    AC: 11    Str: 23    XL:     23   Next: 71%
Magic:  21/54      EV: 32    Int: 10    God:    Makhleb [******]
Gold:   0          SH:  0    Dex: 16    Spells: 76/76 levels left

rFire    . . .     SeeInvis .   l - +∞ Axe of Woe
rCold    . . .     Gourm    .   (shield currently unavailable)
rNeg     . . .     Faith    .   b - +0 leather armour
rPois    .         Spirit   .   c - +0 helmet
rElec    .         Reflect  .   (no cloak)
rCorr    .         Harm     .   (no gloves)
MR       +....     NoTele   +   (boots unavailable)
Stlth    +++++++++.             (no amulet)
HPRegen  0.46/turn              (no ring)
MPRegen  0.34/turn              (no ring)

@: no status effects
A: hooves 3, icy blue scales 2, demonic guardian 3, spiny 2, augmentation 3
a: Minor Destruction, Lesser Servant of Makhleb, Major Destruction, Greater
Servant of Makhleb, Renounce Religion


You were in the Dungeon.
You worshipped Makhleb.
Makhleb was exalted by your worship.
You were not hungry.

You visited 1 branch

Inventory:

Hand Weapons
 a - a +0 war axe
 l - the +∞ Axe of Woe (weapon)
   (You found it in the Dungeon)
Missiles
 d - 3 throwing nets (quivered)
Armour
 b - a +0 leather armour (worn)
 c - a +0 helmet (worn)
Scrolls
 k - a scroll of blinking
Potions
 e - a potion of curing
 g - a potion of heal wounds
 h - a potion of haste
 i - 2 potions of magic
 j - a potion of berserk rage
Comestibles
 f - a ration


   Skills:
 O Level 27 Fighting
 O Level 27 Axes
 O Level 27 Throwing
 O Level 27 Armour
 O Level 27 Dodging
 O Level 27 Stealth
 O Level 27 Unarmed Combat
 O Level 27 Spellcasting
 O Level 27 Invocations


You had 76 spell levels left.
You didn't know any spells.

Dungeon Overview and Level Annotations

Branches:
Dungeon (1/1)

Altars:
Makhleb


Innate Abilities, Weirdness & Mutations

You have hooves in place of feet.
You are mostly covered in icy blue scales. (AC +3)
A powerful demonic guardian rushes to your aid.
You are mostly covered in sharp spines.
Your magical and physical power is greatly enhanced at high health.


Message History

You hear a shout!
The meat berserker is struck by your spines.
The meat berserker hits you with a +9 battleaxe!!
You hear a shout! x4
The eight-headed meat hydra calls on the powers of darkness!
The eight-headed meat hydra convulses! x2; The large bag of meat convulses!
The bag of meat convulses!
Your body is wracked with pain!
* * * LOW HITPOINT WARNING * * *
The large bag of meat convulses!
The bag of meat convulses!
The meat berserker convulses!
The bag of meat convulses! x2
The eight-headed meat hydra calls on the powers of darkness!
The eight-headed meat hydra convulses! x2; The large bag of meat convulses!
The bag of meat convulses!
Your body is wracked with pain!
* * * LOW HITPOINT WARNING * * *
The bag of meat convulses!
The large bag of meat convulses!
The meat berserker convulses!
The bag of meat convulses! x2
The meat berserker convulses!
You hear a shout!
The meat berserker hits you with a +9 battleaxe!!!
You die...

......._.........
...o.#.....#......
.....#_.<)_#......
.....#..)..#......
......)_.O.o.....
......###DD......
..###....)))###...
. #..)))§§# .
#..@)o§§#
......O..))O...§.
......oo........#
...O...........#..
..D..........##...
...#........#.....
............#.. ##
..##.#....... .o


You could see 3 eight-headed meat hydras, 2 large bags of meat, 2 meat
berserkers and 5 bags of meat.

Vanquished Creatures
  3 vampire knights (D)
  11 ogres (D)
  A two-headed ogre (D)
  18 orcs (D)
33 creatures vanquished.

Notes
Turn   | Place    | Note
-------+----------+-------------------------------------------
     0 | D        | Found the +∞ Axe of Woe
     0 | D        | Fang the Demonspawn Gladiator began the quest for the Orb.
     0 | D        | Reached XP level 1. HP: 16/16 MP: 1/1
     3 | D        | Noticed a bag of meat
     3 | D        | Noticed a meat berserker
     4 | D        | Became a worshipper of Makhleb the Destroyer
     6 | D        | Noticed a meat berserker
     6 | D        | Noticed a bag of meat
     7 | D        | Noticed a bag of meat
     7 | D        | Noticed a bag of meat
     7 | D        | Killed a meat berserker
     7 | D        | Reached skill level 10 in Throwing
     7 | D        | Gained mutation: You are partially covered in icy blue scales. (AC +2) [demonic ancestry]
     7 | D        | Reached XP level 2. HP: 39/39 MP: 2/2
     7 | D        | Gained mutation: You have large cloven feet. [demonic ancestry]
     7 | D        | Reached XP level 3. HP: 45/45 MP: 3/3
     7 | D        | Gained mutation: You are partially covered in sharp spines. [demonic ancestry]
     7 | D        | Reached XP level 4. HP: 52/52 MP: 4/4
     7 | D        | Gained mutation: You have hoof-like feet. [demonic ancestry]
     7 | D        | Reached XP level 5. HP: 58/58 MP: 5/5
     7 | D        | Reached XP level 6. HP: 65/65 MP: 6/6
     7 | D        | Reached XP level 7. HP: 71/71 MP: 7/7
     7 | D        | Reached XP level 8. HP: 77/77 MP: 8/8
     7 | D        | Gained mutation: A weak demonic guardian rushes to your aid. [demonic ancestry]
     7 | D        | Reached XP level 9. HP: 83/83 MP: 9/9
     7 | D        | Gained mutation: You have hooves in place of feet. [demonic ancestry]
     7 | D        | Reached XP level 10. HP: 90/90 MP: 10/10
     7 | D        | Gained mutation: You are mostly covered in icy blue scales. (AC +3) [demonic ancestry]
     7 | D        | Reached XP level 11. HP: 96/96 MP: 11/11
     7 | D        | Reached XP level 12. HP: 103/103 MP: 12/12
     7 | D        | Gained mutation: A demonic guardian rushes to your aid. [demonic ancestry]
     7 | D        | Reached XP level 13. HP: 109/109 MP: 13/13
     7 | D        | Killed a meat berserker
     7 | D        | Reached * piety under Makhleb
     7 | D        | Reached XP level 14. HP: 120/120 MP: 14/14
     8 | D        | Noticed a bag of meat
     9 | D        | Killed a bag of meat
     9 | D        | Reached skill level 15 in Fighting
    10 | D        | Noticed a bag of meat
    10 | D        | Noticed a bag of meat
    11 | D        | Killed a bag of meat
    11 | D        | Reached XP level 15. HP: 130/130 MP: 15/15
    13 | D        | Noticed a meat berserker
    13 | D        | Noticed a meat berserker
    13 | D        | Reached ** piety under Makhleb
    16 | D        | Killed a meat berserker
    16 | D        | Reached skill level 27 in Axes
    16 | D        | Reached skill level 15 in Throwing
    16 | D        | Gained mutation: Your magical and physical power is slightly enhanced at high health. [demonic ancestry]
    16 | D        | Reached XP level 16. HP: 129/145 MP: 16/16
    16 | D        | Reached *** piety under Makhleb
    16 | D        | Reached skill level 5 in Armour
    16 | D        | Reached skill level 27 in Dodging
    17 | D        | Killed a meat berserker
    17 | D        | Reached XP level 17. HP: 117/164 MP: 17/17
    18 | D        | Noticed a meat berserker
    19 | D        | Noticed a meat berserker
    20 | D        | Noticed a meat berserker
    20 | D        | Noticed a meat berserker
    21 | D        | Killed a meat berserker
    21 | D        | Reached **** piety under Makhleb
    21 | D        | Reached skill level 27 in Fighting
    21 | D        | Reached skill level 10 in Armour
    21 | D        | Reached XP level 18. HP: 182/182 MP: 18/18
    22 | D        | Noticed a destroyer
    22 | D        | Noticed a large bag of meat
    23 | D        | Noticed a meat berserker
    23 | D        | Killed a meat berserker
    23 | D        | Reached skill level 10 in Stealth
    23 | D        | Reached skill level 15 in Invocations
    23 | D        | Gained mutation: You are mostly covered in sharp spines. [demonic ancestry]
    23 | D        | Reached XP level 19. HP: 189/189 MP: 18/34
    23 | D        | Reached ***** piety under Makhleb
    23 | D        | Reached skill level 15 in Stealth
    25 | D        | Killed a meat berserker
    25 | D        | Killed a meat berserker
    25 | D        | Reached XP level 20. HP: 197/197 MP: 18/41
    26 | D        | Noticed a meat berserker
    26 | D        | Reached skill level 27 in Throwing
    27 | D        | Noticed a meat berserker
    27 | D        | Killed a large bag of meat
    27 | D        | Reached skill level 27 in Invocations
    28 | D        | Noticed a large bag of meat
    28 | D        | Noticed a destroyer
    29 | D        | Gained mutation: Your magical and physical power is enhanced at high health. [demonic ancestry]
    29 | D        | Reached XP level 21. HP: 204/204 MP: 19/47
    29 | D        | Killed a destroyer
    29 | D        | Reached ****** piety under Makhleb
    29 | D        | Reached skill level 27 in Stealth
    30 | D        | Noticed a large bag of meat
    30 | D        | Reached skill level 27 in Unarmed Combat
    30 | D        | Reached skill level 27 in Spellcasting
    31 | D        | Noticed a destroyer
    32 | D        | Killed a destroyer
    32 | D        | Gained mutation: Your magical and physical power is greatly enhanced at high health. [demonic ancestry]
    32 | D        | Reached XP level 22. HP: 122/212 MP: 20/53
    32 | D        | Reached skill level 27 in Armour
    34 | D        | Gained mutation: A powerful demonic guardian rushes to your aid. [demonic ancestry]
    34 | D        | Reached XP level 23. HP: 219/219 MP: 20/54
    34 | D        | Killed a destroyer
    35 | D        | Annihilated by a meat berserker

Skill      XL: |  1  2  3  4  5  6  7  8  9 10 11 12 13 14 15 16 17 18 19 20 21 22 |
---------------+-------------------------------------------------------------------+-----
Fighting       | 12 14 15 18 23 27 | 27.0
Axes           | 19 21 23 27 | 27.0
Throwing       | 10 12 13 15 19 23 25 26 27 | 27.0
Dodging        | 18 21 23 26 27 | 27.0
Armour         | 2 7 10 12 23 27 | 27.0
Stealth        | 12 19 24 27 | 27.0
Unarmed Combat | 11 18 22 27 | 27.0
Spellcasting   | 11 17 22 27 | 27.0
Invocations    | 15 23 27 | 27.0

Action                   |  1- 3 |  4- 6 |  7- 9 | 10-12 | 13-15 | 16-18 | 19-21 | 22-24 || total
-------------------------+-------+-------+-------+-------+-------+-------+-------+-------++-------
Melee: Executioner's axe |     1 |       |       |       |     5 |     3 |     6 |     2 ||    17
Armor: Leather armour    |       |       |       |       |       |       |     1 |       ||     1
Dodge: Dodged            |       |       |       |       |     1 |     1 |       |       ||     2
